 Dungeon Crawl Stone Soup version 0.29-a0-284-gf9362112df (webtiles) character file.

Game seed: 5883274411274302119

1 NinjaNoafa the Shield-Bearer (level 1, 19/19 HPs)
             Began as a Minotaur Fighter on Mar 24, 2022.
             Quit the game on level 1 of the Dungeon.
             The game lasted 00:02:58 (87 turns).

NinjaNoafa the Shield-Bearer (Minotaur Fighter)       Turns: 87, Time: 00:02:59

Health: 19/19      AC:  7    Str: 20    XL:     1   Next: 16%
Magic:  0/0        EV:  9    Int:  5    God:
Gold:   0          SH:  4    Dex:  9    Spells: 0/0 levels left

rFire   . . .      SeeInvis .   a - +0 long sword
rCold   . . .      Faith    .   c - +0 buckler
rNeg    . . .      Spirit   .   b - +0 scale mail
rPois   .          Reflect  .   (helmet restricted)
rElec   .          Harm     .   (no cloak)
rCorr   .          Rampage  .   (no gloves)
Will    .....                   (no boots)
Stlth   ..........              (no amulet)
HPRegen 0.06/turn               (no ring)
MPRegen 0.07/turn               (no ring)

@: no status effects
A: horns 2, retaliatory headbutt
a: no special abilities


You were on level 1 of the Dungeon.
You visited 1 branch of the dungeon, and saw 1 of its levels.

Inventory:

Hand Weapons
 a - a +0 long sword (weapon)
Armour
 b - a +0 scale mail (worn)
 c - a +0 buckler (worn)
Potions
 d - a potion of might


   Skills:
 + Level 3.6 Fighting
 + Level 2.4 Long Blades
 + Level 3.7 Armour
 + Level 3.7 Shields


You couldn't memorise any spells.
You didn't know any spells.
Your spell library was empty.

Dungeon Overview and Level Annotations

Branches:
Dungeon (1/15)

Altars:


Innate Abilities, Weirdness & Mutations

You have a pair of horns on your head.
You reflexively headbutt those who attack you in melee.


Message History

Press ? for a list of commands and other information.
Found a staircase leading out of the dungeon.
Okay, then.
A bat comes into view.
The bat barely misses you. You furiously retaliate!
You headbutt the bat!
You kill the bat!
You open the door.
There is an open door here.
Why would you want to do that? Why would you want to do that?
Why would you want to do that?
There is an open door here.
Found a leather armour.
A bat comes into view.
The bat hits you but does no damage.
You miss the bat. Your headbutt misses the bat. The bat barely misses you.
You block the bat's attack.
You miss the bat. The bat closely misses you.
The bat hits you but does no damage. The bat closely misses you.
You miss the bat. The bat barely misses you. The bat closely misses you.
You barely miss the bat. Your headbutt misses the bat.
The bat hits you but does no damage.
Found a dyed leather armour.
The bat hits you but does no damage.
You hit the bat but do no damage. The bat closely misses you.
You miss the bat. You headbutt the bat.
The bat is moderately wounded.
The bat hits you but does no damage. x2
You completely miss the bat.
The bat is moderately wounded.
The bat closely misses you. You furiously retaliate!
You headbutt the bat.
You kill the bat!
Found a hand axe.
You see here a bat corpse.
You see here a bat corpse.
You see here a bat corpse.
You see here a bat corpse.
Nothing quivered!
Welcome back, NinjaNoafa the Minotaur Fighter.
Press ? for a list of commands and other information.
Are you sure you want to abandon this character and quit the game? (Confirm with "yes".)

##......[...
..........
#........
#.......#
#....[..#
#.......#
####.......#
.......†@#
......##.#
..... #.#
..). #.#
#### #.#
#≈#### #.#
#≈...####.#
#≈≈≈.#....#
###≈.####.#
#


There were no monsters in sight!

Vanquished Creatures
  2 bats (D:1)
2 creatures vanquished.

Notes
Turn   | Place    | Note
-------+----------+-------------------------------------------
     0 | D:1      | NinjaNoafa the Minotaur Fighter began the quest for the
                  | Orb.
     0 | D:1      | Reached XP level 1. HP: 19/19 MP: 0/0
    87 | D:1      | Quit the game

Illustrated notes

Levels and vault maps discovered:
D:1:      dpeg_arrival_round_b, layout_basic, kennysheep_nondescript

Action                   || total
-------------------------++-------
Melee: Long sword        ||     7
       Headbutt          ||     1
Armor: Scale mail        ||     6
Dodge: Dodged            ||     8
Block: Buckler           ||     1

Table legend: (Time is in decaauts)
 A = Elapsed time spent in this place.
 B = Non-inter-level travel time spent in this place.
 C = Inter-level travel time spent in this place.
 D = Time resting spent in this place.
 E = Time spent auto-exploring this place.
 F = Levels seen in this place.
 G = Mean time per level.
                   A        B        C        D        E       F      G
               +--------+--------+--------+--------+--------+-----+--------+
         Total |     89 |     85 |      4 |      0 |      0 |   1 |   89.0 |
       Dungeon |     89 |     85 |      4 |      0 |      0 |   1 |   89.0 |
               +--------+--------+--------+--------+--------+-----+--------+

Top non-repeatable levels by time:
     D:1: 89 daAuts
